Los Angeles Kings vs Washington Capitals
Created - Friday, June 23, 2023 at 06:29
Goals
|
| Los Angeles Kings |
0 |
2 |
3 |
5 |
| Washington Capitals |
1 |
0 |
1 |
2 |
|
Shots
|
| Los Angeles Kings |
4 |
21 |
16 |
41 |
| Washington Capitals |
18 |
11 |
15 |
44 |
|
1st period
1. Washington Capitals , Jordan Kyrou 12 (Dylan DeMelo 2) at 13:31
Penalties :
No Penalty
2nd period
2. Los Angeles Kings , Cooper Marody 12 (Noah Dobson 47, Tyler Gaudet 8) at 5:41
3. Los Angeles Kings , Cooper Marody 13 (Noah Dobson 48, Tyler Gaudet 9) at 8:25
Penalties :
Nikita Zaitsev (WSH) for Tripping (Minor) at 17:03
3rd period
4. Washington Capitals , Patrick Kane 42 (Alex Ovechkin 36, Brayden Point 60) at 2:58
5. Los Angeles Kings , Vitaly Kravtsov 8 (Mike Matheson 26, Erik Brannstrom 26) at 14:02
6. Los Angeles Kings , Peyton Krebs 21 (Seth Jarvis 30, Jakub Zboril 6) at 14:18
7. Los Angeles Kings , Vitaly Kravtsov 9 (Matt Tennyson 5, Rasmus Sandin 11) at 16:25
Penalties :
Patrick Kane (WSH) for High sticking (Minor) at 8:16, Alexander Radulov (LAK) for Interference (Minor) at 11:52
Goalie Stats
Aaron Dell (LAK), 42 saves from 44 shots - (0.955), W, 9-8-3, 60:00 minutes
Jake Oettinger (WSH), 36 saves from 41 shots - (0.878), L, 37-23-2, 60:00 minutes
Players Stats for Los Angeles Kings
Player Name G A P +/- PIM S H SB GA TA FO MP PP MP PK MP
------------------------------------------------------------------------------------
Alexander Radulov 0 0 0 1 2 2 2 1 1 0 0/0 17:57 1:50 0:00
Andrei Svechnikov 0 0 0 -2 0 4 3 0 2 0 1/2 18:41 2:08 0:51
Cooper Marody 2 0 2 2 0 9 1 0 0 0 5/11 14:34 0:00 0:50
Dominik Kubalik 0 0 0 -2 0 1 1 0 0 2 0/2 18:53 2:08 1:00
Erik Brannstrom 0 1 1 0 0 0 0 0 0 2 0/0 21:15 2:00 1:03
Evan Polei 0 0 0 2 0 0 3 0 0 0 1/2 8:32 0:00 0:00
Jakub Zboril 0 1 1 2 0 0 2 1 0 1 0/0 16:30 0:00 0:00
K'Andre Miller 0 0 0 1 0 1 2 1 0 1 0/0 22:15 1:58 0:56
Matt Tennyson 0 1 1 2 0 2 0 0 0 0 0/0 8:32 0:00 0:00
Mike Matheson 0 1 1 0 0 2 2 1 1 0 0/0 21:15 2:00 1:03
Nicklas Backstrom 0 0 0 -2 0 2 0 1 1 1 8/23 18:25 2:08 0:35
Noah Dobson 0 2 2 1 0 2 0 1 0 0 0/0 22:15 1:58 0:56
Peyton Krebs 1 0 1 1 0 5 1 1 0 0 1/1 18:22 1:50 0:27
Rasmus Sandin 0 1 1 2 0 3 0 1 0 0 0/0 16:30 0:00 0:00
Ryan Reaves 0 0 0 2 0 0 2 0 0 0 0/1 13:41 0:00 0:00
Seth Jarvis 0 1 1 1 0 3 0 0 1 0 9/19 17:55 1:50 0:00
Tyler Gaudet 0 2 2 2 0 2 0 0 0 0 0/0 13:56 0:00 0:15
Vitaly Kravtsov 2 0 2 2 0 3 0 0 0 0 0/0 8:32 0:00 0:00
Players Stats for Washington Capitals
Player Name G A P +/- PIM S H SB GA TA FO MP PP MP PK MP
------------------------------------------------------------------------------------
Alex Ovechkin 0 1 1 0 0 5 0 0 0 0 0/0 20:17 1:03 0:00
Barrett Hayton 0 0 0 1 0 1 1 0 0 0 1/1 12:29 0:56 0:43
Brad Marchand 0 0 0 -2 0 1 1 0 1 0 0/0 18:41 0:56 2:42
Brayden Point 0 1 1 0 0 5 0 0 0 0 19/31 20:17 1:03 0:00
Connor Murphy 0 0 0 -1 0 4 3 4 1 2 0/0 23:37 1:05 1:42
Drake Batherson 0 0 0 1 0 4 3 0 0 0 1/2 10:50 0:00 0:00
Dylan DeMelo 0 1 1 1 0 0 0 0 0 0 0/0 20:33 0:00 0:00
Fabian Zetterlund 0 0 0 -2 0 2 0 0 0 0 0/0 8:18 0:00 0:00
Ian Cole 0 0 0 -2 0 1 2 2 1 0 0/0 13:23 0:00 0:54
Isac Lundestrom 0 0 0 -2 0 3 1 2 0 1 5/10 11:18 0:00 2:40
Jason Robertson 0 0 0 -2 0 2 0 2 0 2 1/1 15:39 0:56 0:00
John Carlson 0 0 0 0 0 1 3 4 1 1 0/0 28:08 0:54 3:01
Jordan Kyrou 1 0 1 1 0 2 0 0 0 0 0/0 12:26 0:00 0:58
Nick Jensen 0 0 0 -3 0 0 1 2 0 0 0/0 14:49 0:54 0:57
Nico Hischier 0 0 0 -2 0 3 1 0 1 0 9/15 16:14 0:00 0:53
Nikita Zaitsev 0 0 0 -1 2 0 1 0 0 0 0/0 19:49 1:05 1:22
Owen Tippett 0 0 0 -2 0 3 1 0 0 0 0/0 8:18 0:00 0:00
Patrick Kane 1 0 1 0 2 7 1 0 2 0 0/1 20:54 1:03 0:00
3 Stars
1 - Cooper Marody (LAK)
2 - Vitaly Kravtsov (LAK)
3 - Aaron Dell (LAK)
Power Play
Los Angeles Kings - 0 on 2 Attempt(s) - 0.00%
Washington Capitals - 0 on 1 Attempt(s) - 0.00%
Penalty Kill
Los Angeles Kings - 1 on 1 Attempt(s) - 100.00%
- Score 0 goal in Penalty Kill
Washington Capitals - 2 on 2 Attempt(s) - 100.00%
- Score 0 goal in Penalty Kill
Team Stat
Los Angeles Kings - Hits : 19 - Faceoff Wins : 25 - Blocked Shots : 8 - Penalty Minutes : 2
Washington Capitals - Hits : 19 - Faceoff Wins : 36 - Blocked Shots : 16 - Penalty Minutes : 4
Official
Referees : Garrett Rank and Ian Walsh
Linesman : Brad Kovachik and Bryan Pancich
Game Notes
No Game Note
Finance
Level 1 -- Attendance: 6000 (100.00%) -- Ticket Income $582,000
Level 2 -- Attendance: 4848 (96.96%) -- Ticket Income $276,336
Level 3 -- Attendance: 2922 (97.40%) -- Ticket Income $99,348
Level 4 -- Attendance: 5000 (100.00%) -- Ticket Income $115,000
Luxury Box -- Attendance: 881 (88.10%) -- Ticket Income $173,557
Game was played at the Verizon Center.
Total Attendance: 19651 (98.26%)
Total Ticket Income: $1,246,241
Other Income: $436,184
Total Income: $1,682,425
Los Angeles Kings
5 vs 5 Forward
Center Left Wing Right Wing Time % Phy DF OF
1 Nicklas Backstrom Andrei Svechnikov Dominik Kubalik 30 1 2 2
2 Seth Jarvis Peyton Krebs Alexander Radulov 30 1 2 2
3 Cooper Marody Tyler Gaudet Ryan Reaves 25 1 2 2
4 Evan Polei Vitaly Kravtsov Matt Tennyson 15 1 2 2
5 vs 5 Defense
Defense Defense Time % Phy DF OF
1 Noah Dobson K'Andre Miller 35 1 2 2
2 Mike Matheson Erik Brannstrom 35 1 2 2
3 Jakub Zboril Rasmus Sandin 30 1 2 2
4 K'Andre Miller Noah Dobson 0 1 2 2
PowerPlay Forward
Center Left Wing Right Wing Time % Phy DF OF
1 Nicklas Backstrom Andrei Svechnikov Dominik Kubalik 50 1 2 2
2 Seth Jarvis Peyton Krebs Alexander Radulov 50 1 2 2
PowerPlay Defense
Defense Defense Time % Phy DF OF
1 Noah Dobson K'Andre Miller 50 1 2 2
2 Mike Matheson Erik Brannstrom 50 1 2 2
Penalty Kill 4 Players Forward
Center Wing Time % Phy DF OF
1 Andrei Svechnikov Nicklas Backstrom 50 1 2 2
2 Dominik Kubalik Alexander Radulov 50 1 2 2
Penalty Kill 4 Players Defense
Defense Defense Time % Phy DF OF
1 Noah Dobson K'Andre Miller 50 1 2 2
2 Mike Matheson Erik Brannstrom 50 1 2 2
Penalty Kill - 3 Players Forward
Forward Time % Phy DF OF
1 Andrei Svechnikov 50 1 2 2
2 Nicklas Backstrom 50 1 2 2
Penalty Kill - 3 Players Defense
Defense Defense Time % Phy DF OF
1 Noah Dobson K'Andre Miller 50 1 2 2
2 Mike Matheson Erik Brannstrom 50 1 2 2
4 vs 4 Forward
Center Wing Time % Phy DF OF
1 Andrei Svechnikov Nicklas Backstrom 50 1 2 2
2 Dominik Kubalik Alexander Radulov 50 1 2 2
4 vs 4 Defense
Defense Defense Time % Phy DF OF
1 Noah Dobson K'Andre Miller 50 1 2 2
2 Mike Matheson Erik Brannstrom 50 1 2 2
Last Minutes Offensive
Center Left Wing Right Wing Defense Defense
Nicklas Backstrom Andrei Svechnikov Dominik Kubalik Noah Dobson K'Andre Miller
Last Minutes Defensive
Center Left Wing Right Wing Defense Defense
Nicklas Backstrom Andrei Svechnikov Dominik Kubalik Noah Dobson K'Andre Miller
Goaltenders
Starting : Aaron Dell
Backup : John Gibson
Extra Forwards
Normal : Evan Polei, Ryan Reaves, Cooper Marody - PP : Evan Polei, Ryan Reaves - PK : Cooper Marody
Extra Defensemen
Normal : Jakub Zboril, Matt Tennyson, Rasmus Sandin - PP : Jakub Zboril - PK : Matt Tennyson, Rasmus Sandin
Penalty Shots
Andrei Svechnikov, Nicklas Backstrom, Dominik Kubalik, Alexander Radulov, Seth Jarvis
Washington Capitals
5 vs 5 Forward
Center Left Wing Right Wing Time % Phy DF OF
1 Brayden Point Alex Ovechkin Patrick Kane 40 1 2 2
2 Nico Hischier Brad Marchand Jason Robertson 30 1 2 2
3 Barrett Hayton Jordan Kyrou Drake Batherson 20 1 2 2
4 Isac Lundestrom Fabian Zetterlund Owen Tippett 10 1 2 2
5 vs 5 Defense
Defense Defense Time % Phy DF OF
1 John Carlson Dylan DeMelo 40 1 2 2
2 Connor Murphy Nikita Zaitsev 30 1 2 2
3 Ian Cole Nick Jensen 20 1 2 2
4 John Carlson Connor Murphy 10 1 2 2
PowerPlay Forward
Center Left Wing Right Wing Time % Phy DF OF
1 Brayden Point Alex Ovechkin Patrick Kane 60 1 2 2
2 Barrett Hayton Brad Marchand Jason Robertson 40 1 2 2
PowerPlay Defense
Defense Defense Time % Phy DF OF
1 John Carlson Nick Jensen 60 1 2 2
2 Connor Murphy Nikita Zaitsev 40 1 2 2
Penalty Kill 4 Players Forward
Center Wing Time % Phy DF OF
1 Isac Lundestrom Brad Marchand 60 1 2 2
2 Nico Hischier Barrett Hayton 40 1 2 2
Penalty Kill 4 Players Defense
Defense Defense Time % Phy DF OF
1 John Carlson Nikita Zaitsev 60 1 2 2
2 Connor Murphy Nick Jensen 40 1 2 2
Penalty Kill - 3 Players Forward
Forward Time % Phy DF OF
1 Isac Lundestrom 60 1 2 2
2 Brad Marchand 40 1 2 2
Penalty Kill - 3 Players Defense
Defense Defense Time % Phy DF OF
1 John Carlson Nikita Zaitsev 60 1 2 2
2 Connor Murphy Nick Jensen 40 1 2 2
4 vs 4 Forward
Center Wing Time % Phy DF OF
1 Brayden Point Alex Ovechkin 60 1 2 2
2 Nico Hischier Patrick Kane 40 1 2 2
4 vs 4 Defense
Defense Defense Time % Phy DF OF
1 John Carlson Ian Cole 60 1 2 2
2 Connor Murphy Nikita Zaitsev 40 1 2 2
Last Minutes Offensive
Center Left Wing Right Wing Defense Defense
Brayden Point Alex Ovechkin Patrick Kane John Carlson Dylan DeMelo
Last Minutes Defensive
Center Left Wing Right Wing Defense Defense
Isac Lundestrom Barrett Hayton Brad Marchand John Carlson Dylan DeMelo
Goaltenders
Starting : Jake Oettinger
Backup : Vitek Vanecek
Extra Forwards
Normal : Isac Lundestrom, Drake Batherson, Jordan Kyrou - PP : Isac Lundestrom, Drake Batherson - PK : Jordan Kyrou
Extra Defensemen
Normal : Ian Cole, Nikita Zaitsev, Connor Murphy - PP : Ian Cole - PK : John Carlson, Connor Murphy
Penalty Shots
Brayden Point, Alex Ovechkin, Patrick Kane, Brad Marchand, Jason Robertson
% Time on Ice - Los Angeles Kings
Lines # - Real PCT - Wanted PCT - Time Play
Normal Forward
1 - 29% - 30% - 15:42
2 - 30% - 30% - 16:08
3 - 25% - 25% - 13:41
4 - 16% - 15% - 8:32
Normal Defense
1 - 36% - 35% - 19:13
2 - 34% - 35% - 18:12
3 - 31% - 30% - 16:30
4 - 0% - 0% - 0:08
PP Forward
1 - 54% - 50% - 2:08
2 - 46% - 50% - 1:50
PP Defense
1 - 50% - 50% - 1:58
2 - 50% - 50% - 2:00
PK Forward
1 - 29% - 50% - 0:35
2 - 71% - 50% - 1:24
PK Defense
1 - 47% - 50% - 0:56
2 - 53% - 50% - 1:03
PK3 Forward
1 - 0% - 50%
2 - 0% - 50%
PK3 Defense
1 - 0% - 50%
2 - 0% - 50%
44 Forward
1 - 0% - 50%
2 - 0% - 50%
44 Defense
1 - 0% - 50%
2 - 0% - 50%
Last Minute Offensive - 0:00
Last Minute Defensive - 0:00
Total
Forward - 60:00
Defense - 60:00
|
% Time on Ice - Washington Capitals
Lines # - Real PCT - Wanted PCT - Time Play
Normal Forward
1 - 37% - 40% - 20:12
2 - 27% - 30% - 14:43
3 - 20% - 20% - 10:50
4 - 15% - 10% - 8:18
Normal Defense
1 - 39% - 40% - 21:04
2 - 33% - 30% - 17:41
3 - 22% - 20% - 12:09
4 - 6% - 10% - 3:09
PP Forward
1 - 53% - 60% - 1:03
2 - 47% - 40% - 0:56
PP Defense
1 - 45% - 60% - 0:54
2 - 55% - 40% - 1:05
PK Forward
1 - 87% - 60% - 3:27
2 - 13% - 40% - 0:31
PK Defense
1 - 84% - 60% - 3:21
2 - 16% - 40% - 0:37
PK3 Forward
1 - 0% - 60%
2 - 0% - 40%
PK3 Defense
1 - 0% - 60%
2 - 0% - 40%
44 Forward
1 - 0% - 60%
2 - 0% - 40%
44 Defense
1 - 0% - 60%
2 - 0% - 40%
Last Minute Offensive - 0:00
Last Minute Defensive - 0:00
Total
Forward - 60:00
Defense - 60:00
|
Play-by-Play
1st period
0:01 of 1st period - Brayden Point wins face-off versus Nicklas Backstrom in neutral zone.
0:26 of 1st period - K'Andre Miller is hit by Drake Batherson and loses puck.
1:35 of 1st period - Brayden Point is hit by Evan Polei.
1:47 of 1st period - Backhand shot by Drake Batherson.
1:47 of 1st period - Stopped by Aaron Dell with a rebound.
1:49 of 1st period - Slapshot by Nick Jensen.
1:49 of 1st period - Deflect By Drake Batherson.
1:49 of 1st period - Shot Misses the Net.
1:49 of 1st period - Puck is out of play.
1:50 of 1st period - Cooper Marody wins face-off versus Drake Batherson in Los Angeles Kings zone.
1:57 of 1st period - Wrist shot by Jordan Kyrou.
1:57 of 1st period - Shot Misses the Net.
1:59 of 1st period - Snap shot by Barrett Hayton.
1:59 of 1st period - Shot Blocked by Jakub Zboril.
2:01 of 1st period - Wrist shot by Jordan Kyrou.
2:01 of 1st period - Stopped by Aaron Dell with a rebound.
2:03 of 1st period - Wrist shot by Jordan Kyrou.
2:03 of 1st period - Shot Misses the Net.
2:05 of 1st period - Slapshot by Nick Jensen.
2:05 of 1st period - Deflect By Drake Batherson.
2:05 of 1st period - Stopped by Aaron Dell with a rebound.
2:15 of 1st period - Jakub Zboril is hit by Nick Jensen and loses puck.
2:34 of 1st period - Snap shot by Jason Robertson.
2:34 of 1st period - Stopped by Aaron Dell with a rebound.
3:10 of 1st period - Nikita Zaitsev is hit by Andrei Svechnikov and loses puck.
3:27 of 1st period - Wrist shot by Vitaly Kravtsov.
3:27 of 1st period - Shot Blocked by Isac Lundestrom.
3:35 of 1st period - Nikita Zaitsev is hit by Evan Polei and loses puck.
4:09 of 1st period - Snap shot by Jason Robertson.
4:09 of 1st period - Shot Misses the Net.
4:11 of 1st period - Snap shot by Brad Marchand.
4:11 of 1st period - Stopped by Aaron Dell without a rebound.
4:12 of 1st period - Nicklas Backstrom wins face-off versus Nico Hischier in Los Angeles Kings zone.
4:41 of 1st period - Slapshot by Brayden Point.
4:41 of 1st period - Deflect By Alex Ovechkin.
4:41 of 1st period - Shot Blocked by K'Andre Miller.
4:41 of 1st period - Puck is out of play.
4:42 of 1st period - Seth Jarvis wins face-off versus Brayden Point in Los Angeles Kings zone.
5:12 of 1st period - Wrist shot by Alex Ovechkin.
5:12 of 1st period - Shot Misses the Net.
5:14 of 1st period - Wrist shot by Brayden Point.
5:14 of 1st period - Stopped by Aaron Dell without a rebound.
5:15 of 1st period - Nico Hischier wins face-off versus Cooper Marody in Los Angeles Kings zone.
5:42 of 1st period - K'Andre Miller is hit by Barrett Hayton and loses puck.
6:33 of 1st period - Backhand shot by Patrick Kane.
6:33 of 1st period - Stopped by Aaron Dell without a rebound.
6:34 of 1st period - Brayden Point wins face-off versus Cooper Marody in Los Angeles Kings zone.
6:39 of 1st period - Snap shot by Brayden Point.
6:39 of 1st period - Shot Misses the Net.
7:45 of 1st period - Connor Murphy is hit by Evan Polei and loses puck.
8:08 of 1st period - Isac Lundestrom is hit by Jakub Zboril and loses puck.
9:22 of 1st period - Icing by Alex Ovechkin.
9:23 of 1st period - Cooper Marody wins face-off versus Brayden Point in Washington Capitals zone.
9:34 of 1st period - Wrist shot by Alex Ovechkin.
9:34 of 1st period - Deflect By Brayden Point.
9:34 of 1st period - Stopped by Aaron Dell with a rebound.
10:00 of 1st period - Slapshot by Patrick Kane.
10:00 of 1st period - Deflect By Brayden Point.
10:00 of 1st period - Stopped by Aaron Dell with a rebound.
10:04 of 1st period - Slapshot by Alex Ovechkin.
10:04 of 1st period - Stopped by Aaron Dell with a rebound.
10:48 of 1st period - Snap shot by Cooper Marody.
10:48 of 1st period - Stopped by Jake Oettinger with a rebound.
10:56 of 1st period - Snap shot by Patrick Kane.
10:56 of 1st period - Shot Blocked by Mike Matheson.
10:58 of 1st period - Slapshot by Connor Murphy.
10:58 of 1st period - Stopped by Aaron Dell without a rebound.
10:59 of 1st period - Nico Hischier wins face-off versus Nicklas Backstrom in Los Angeles Kings zone.
11:02 of 1st period - Snap shot by Nico Hischier.
11:02 of 1st period - Stopped by Aaron Dell with a rebound.
11:10 of 1st period - Andrei Svechnikov is hit by John Carlson and loses puck.
11:29 of 1st period - Peyton Krebs is hit by Drake Batherson and loses puck.
11:34 of 1st period - Wrist shot by Jordan Kyrou.
11:34 of 1st period - Shot Blocked by Peyton Krebs.
11:36 of 1st period - Snap shot by Drake Batherson.
11:36 of 1st period - Shot Misses the Net.
11:46 of 1st period - Snap shot by Fabian Zetterlund.
11:46 of 1st period - Stopped by Aaron Dell with a rebound.
12:14 of 1st period - Slapshot by Rasmus Sandin.
12:14 of 1st period - Stopped by Jake Oettinger without a rebound.
12:15 of 1st period - Drake Batherson wins face-off versus Nicklas Backstrom in Washington Capitals zone.
12:24 of 1st period - Wrist shot by Drake Batherson.
12:24 of 1st period - Deflect By Jordan Kyrou.
12:24 of 1st period - Shot Misses the Net.
12:24 of 1st period - Puck is out of play.
12:25 of 1st period - Barrett Hayton wins face-off versus Nicklas Backstrom in Los Angeles Kings zone.
12:26 of 1st period - Wrist shot by Drake Batherson.
12:26 of 1st period - Stopped by Aaron Dell with a rebound.
12:28 of 1st period - Snap shot by John Carlson.
12:28 of 1st period - Shot Misses the Net.
12:48 of 1st period - Snap shot by Nicklas Backstrom.
12:48 of 1st period - Stopped by Jake Oettinger with a rebound.
13:06 of 1st period - Snap shot by Nicklas Backstrom.
13:06 of 1st period - Shot Misses the Net.
13:31 of 1st period - Snap shot by Jordan Kyrou.
13:31 of 1st period - Goal by Jordan Kyrou - Los Angeles Kings : 0 - Washington Capitals : 1.
13:32 of 1st period - Seth Jarvis wins face-off versus Nico Hischier in neutral zone.
14:08 of 1st period - Wrist shot by Vitaly Kravtsov.
14:08 of 1st period - Deflect By Evan Polei.
14:08 of 1st period - Shot Misses the Net.
14:08 of 1st period - Puck is out of play.
14:09 of 1st period - Nico Hischier wins face-off versus Cooper Marody in Washington Capitals zone.
14:59 of 1st period - Wrist shot by Owen Tippett.
14:59 of 1st period - Shot Misses the Net.
16:20 of 1st period - Snap shot by Alex Ovechkin.
16:20 of 1st period - Shot Blocked by Alexander Radulov.
16:22 of 1st period - Slapshot by Connor Murphy.
16:22 of 1st period - Stopped by Aaron Dell with a rebound.
16:24 of 1st period - Snap shot by Patrick Kane.
16:24 of 1st period - Stopped by Aaron Dell without a rebound.
16:25 of 1st period - Brayden Point wins face-off versus Seth Jarvis in Los Angeles Kings zone.
16:30 of 1st period - Wrist shot by Alex Ovechkin.
16:30 of 1st period - Shot Misses the Net.
16:32 of 1st period - Slapshot by Connor Murphy.
16:32 of 1st period - Shot Misses the Net.
16:34 of 1st period - Slapshot by Connor Murphy.
16:34 of 1st period - Stopped by Aaron Dell with a rebound.
16:36 of 1st period - Slapshot by Nikita Zaitsev.
16:36 of 1st period - Deflect By Patrick Kane.
16:36 of 1st period - Shot Misses the Net.
16:36 of 1st period - Puck is out of play.
16:37 of 1st period - Brayden Point wins face-off versus Seth Jarvis in Los Angeles Kings zone.
17:04 of 1st period - Jason Robertson is hit by Mike Matheson and loses puck.
17:33 of 1st period - Matt Tennyson is hit by Drake Batherson and loses puck.
17:45 of 1st period - Snap shot by Cooper Marody.
17:45 of 1st period - Stopped by Jake Oettinger without a rebound.
17:46 of 1st period - Cooper Marody wins face-off versus Isac Lundestrom in Washington Capitals zone.
19:19 of 1st period - Snap shot by Ryan Reaves.
19:19 of 1st period - Shot Blocked by John Carlson.
19:43 of 1st period - Wrist shot by Alexander Radulov.
19:43 of 1st period - Shot Misses the Net.
19:45 of 1st period - Slapshot by Noah Dobson.
19:45 of 1st period - Shot Blocked by John Carlson.
19:55 of 1st period - Brad Marchand is hit by Dominik Kubalik and loses puck.
Goals for this period are 0 for Los Angeles Kings vs 1 for Washington Capitals.
Shots for this period are 4 for Los Angeles Kings vs 18 for Washington Capitals.
2nd period
0:01 of 2nd period - Brayden Point wins face-off versus Dominik Kubalik in neutral zone.
0:12 of 2nd period - Patrick Kane is hit by Andrei Svechnikov and loses puck.
0:27 of 2nd period - K'Andre Miller is hit by John Carlson and loses puck.
0:53 of 2nd period - Snap shot by Vitaly Kravtsov.
0:53 of 2nd period - Shot Blocked by Nick Jensen.
1:07 of 2nd period - Slapshot by Isac Lundestrom.
1:07 of 2nd period - Shot Misses the Net.
1:09 of 2nd period - Slapshot by Nick Jensen.
1:09 of 2nd period - Shot Misses the Net.
1:11 of 2nd period - Snap shot by Isac Lundestrom.
1:11 of 2nd period - Stopped by Aaron Dell with a rebound.
1:13 of 2nd period - Slapshot by Isac Lundestrom.
1:13 of 2nd period - Stopped by Aaron Dell with a rebound.
2:04 of 2nd period - Snap shot by Nicklas Backstrom.
2:04 of 2nd period - Deflect By Andrei Svechnikov.
2:04 of 2nd period - Shot Misses the Net.
2:04 of 2nd period - Puck is out of play.
2:05 of 2nd period - Brayden Point wins face-off versus Seth Jarvis in Washington Capitals zone.
3:03 of 2nd period - Wrist shot by Owen Tippett.
3:03 of 2nd period - Stopped by Aaron Dell with a rebound.
3:09 of 2nd period - Isac Lundestrom is hit by Ryan Reaves and loses puck.
4:09 of 2nd period - Wrist shot by Vitaly Kravtsov.
4:09 of 2nd period - Stopped by Jake Oettinger with a rebound.
4:38 of 2nd period - Slapshot by Seth Jarvis.
4:38 of 2nd period - Shot Misses the Net.
4:40 of 2nd period - Slapshot by Mike Matheson.
4:40 of 2nd period - Shot Blocked by Jason Robertson.
5:00 of 2nd period - Snap shot by Patrick Kane.
5:00 of 2nd period - Shot Misses the Net.
5:39 of 2nd period - Slapshot by Noah Dobson.
5:39 of 2nd period - Shot Misses the Net.
5:41 of 2nd period - Slapshot by Cooper Marody.
5:41 of 2nd period - Goal by Cooper Marody - Los Angeles Kings : 1 - Washington Capitals : 1.
5:42 of 2nd period - Brayden Point wins face-off versus Seth Jarvis in neutral zone.
6:39 of 2nd period - Wrist shot by Cooper Marody.
6:39 of 2nd period - Stopped by Jake Oettinger without a rebound.
6:40 of 2nd period - Peyton Krebs wins face-off versus Brayden Point in Washington Capitals zone.
6:43 of 2nd period - Slapshot by Seth Jarvis.
6:43 of 2nd period - Shot Misses the Net.
7:04 of 2nd period - Icing by Rasmus Sandin.
7:05 of 2nd period - Nico Hischier wins face-off versus Nicklas Backstrom in Los Angeles Kings zone.
7:15 of 2nd period - Off-side.
7:16 of 2nd period - Seth Jarvis wins face-off versus Patrick Kane in neutral zone.
7:27 of 2nd period - Wrist shot by Seth Jarvis.
7:27 of 2nd period - Stopped by Jake Oettinger without a rebound.
7:28 of 2nd period - Brayden Point wins face-off versus Seth Jarvis in Washington Capitals zone.
7:28 of 2nd period - Brayden Point is hit by Alexander Radulov.
7:40 of 2nd period - Snap shot by Patrick Kane.
7:40 of 2nd period - Deflect By Alex Ovechkin.
7:40 of 2nd period - Stopped by Aaron Dell with a rebound.
7:42 of 2nd period - Slapshot by Connor Murphy.
7:42 of 2nd period - Shot Misses the Net.
7:56 of 2nd period - Snap shot by Andrei Svechnikov.
7:56 of 2nd period - Shot Misses the Net.
7:58 of 2nd period - Snap shot by Dominik Kubalik.
7:58 of 2nd period - Shot Misses the Net.
8:00 of 2nd period - Slapshot by Mike Matheson.
8:00 of 2nd period - Shot Blocked by John Carlson.
8:02 of 2nd period - Wrist shot by Andrei Svechnikov.
8:02 of 2nd period - Stopped by Jake Oettinger without a rebound.
8:03 of 2nd period - Cooper Marody wins face-off versus Brayden Point in Washington Capitals zone.
8:06 of 2nd period - Snap shot by Cooper Marody.
8:06 of 2nd period - Shot Blocked by Ian Cole.
8:08 of 2nd period - Snap shot by Tyler Gaudet.
8:08 of 2nd period - Stopped by Jake Oettinger with a rebound.
8:10 of 2nd period - Slapshot by K'Andre Miller.
8:10 of 2nd period - Deflect By Cooper Marody.
8:10 of 2nd period - Stopped by Jake Oettinger without a rebound.
8:11 of 2nd period - Brayden Point wins face-off versus Cooper Marody in Washington Capitals zone.
8:16 of 2nd period - Tyler Gaudet is hit by Patrick Kane and loses puck.
8:25 of 2nd period - Snap shot by Cooper Marody.
8:25 of 2nd period - Goal by Cooper Marody - Los Angeles Kings : 2 - Washington Capitals : 1.
8:26 of 2nd period - Brayden Point wins face-off versus Seth Jarvis in neutral zone.
8:35 of 2nd period - Slapshot by Patrick Kane.
8:35 of 2nd period - Stopped by Aaron Dell with a rebound.
8:37 of 2nd period - Snap shot by Brayden Point.
8:37 of 2nd period - Shot Hit the Post.
8:39 of 2nd period - Wrist shot by Alex Ovechkin.
8:39 of 2nd period - Stopped by Aaron Dell without a rebound.
8:40 of 2nd period - Nicklas Backstrom wins face-off versus Nico Hischier in Los Angeles Kings zone.
8:53 of 2nd period - Snap shot by Andrei Svechnikov.
8:53 of 2nd period - Shot Hit the Post.
8:55 of 2nd period - Wrist shot by Dominik Kubalik.
8:55 of 2nd period - Stopped by Jake Oettinger without a rebound.
8:56 of 2nd period - Seth Jarvis wins face-off versus Brayden Point in Washington Capitals zone.
8:57 of 2nd period - Snap shot by Peyton Krebs.
8:57 of 2nd period - Stopped by Jake Oettinger without a rebound.
8:58 of 2nd period - Brayden Point wins face-off versus Seth Jarvis in Washington Capitals zone.
9:11 of 2nd period - Snap shot by Alex Ovechkin.
9:11 of 2nd period - Stopped by Aaron Dell without a rebound.
9:12 of 2nd period - Andrei Svechnikov wins face-off versus Nico Hischier in Los Angeles Kings zone.
9:12 of 2nd period - Andrei Svechnikov is hit by Brad Marchand.
9:24 of 2nd period - Wrist shot by Nicklas Backstrom.
9:24 of 2nd period - Shot Misses the Net.
9:46 of 2nd period - Snap shot by Alexander Radulov.
9:46 of 2nd period - Stopped by Jake Oettinger without a rebound.
9:47 of 2nd period - Evan Polei wins face-off versus Brayden Point in Washington Capitals zone.
9:52 of 2nd period - Wrist shot by Matt Tennyson.
9:52 of 2nd period - Stopped by Jake Oettinger with a rebound.
9:54 of 2nd period - Slapshot by Rasmus Sandin.
9:54 of 2nd period - Stopped by Jake Oettinger without a rebound.
9:55 of 2nd period - Brayden Point wins face-off versus Evan Polei in Washington Capitals zone.
10:22 of 2nd period - Wrist shot by Patrick Kane.
10:22 of 2nd period - Stopped by Aaron Dell with a rebound.
10:33 of 2nd period - Snap shot by Vitaly Kravtsov.
10:33 of 2nd period - Shot Blocked by Connor Murphy.
10:35 of 2nd period - Slapshot by Matt Tennyson.
10:35 of 2nd period - Stopped by Jake Oettinger without a rebound.
10:36 of 2nd period - Nico Hischier wins face-off versus Nicklas Backstrom in Washington Capitals zone.
11:03 of 2nd period - Seth Jarvis is hit by Owen Tippett and loses puck.
11:28 of 2nd period - Wrist shot by Andrei Svechnikov.
11:28 of 2nd period - Shot Misses the Net.
11:54 of 2nd period - Slapshot by Cooper Marody.
11:54 of 2nd period - Shot Blocked by Connor Murphy.
12:00 of 2nd period - Backhand shot by Noah Dobson.
12:00 of 2nd period - Stopped by Jake Oettinger without a rebound.
12:01 of 2nd period - Seth Jarvis wins face-off versus Nico Hischier in Washington Capitals zone.
12:51 of 2nd period - Wrist shot by Cooper Marody.
12:51 of 2nd period - Stopped by Jake Oettinger with a rebound.
13:57 of 2nd period - Snap shot by Peyton Krebs.
13:57 of 2nd period - Shot Blocked by Nick Jensen.
14:01 of 2nd period - Snap shot by Seth Jarvis.
14:01 of 2nd period - Stopped by Jake Oettinger without a rebound.
14:02 of 2nd period - Nico Hischier wins face-off versus Nicklas Backstrom in Washington Capitals zone.
14:29 of 2nd period - Dylan DeMelo is hit by Cooper Marody and loses puck.
15:06 of 2nd period - Nick Jensen is hit by Alexander Radulov.
15:43 of 2nd period - Snap shot by Vitaly Kravtsov.
15:43 of 2nd period - Shot Misses the Net.
16:41 of 2nd period - Snap shot by Nico Hischier.
16:41 of 2nd period - Stopped by Aaron Dell with a rebound.
16:58 of 2nd period - Wrist shot by Alexander Radulov.
16:58 of 2nd period - Stopped by Jake Oettinger without a rebound.
16:59 of 2nd period - Nicklas Backstrom wins face-off versus Brayden Point in Washington Capitals zone.
17:03 of 2nd period - Minor Penalty to Nikita Zaitsev for Tripping.
17:04 of 2nd period - Isac Lundestrom wins face-off versus Nicklas Backstrom in Washington Capitals zone.
17:08 of 2nd period - Slapshot by John Carlson.
17:08 of 2nd period - Deflect By Noah Dobson.
17:08 of 2nd period - Stopped by Aaron Dell with a rebound.
17:36 of 2nd period - Backhand shot by Seth Jarvis.
17:36 of 2nd period - Stopped by Jake Oettinger without a rebound.
17:37 of 2nd period - Seth Jarvis wins face-off versus Isac Lundestrom in Washington Capitals zone.
17:38 of 2nd period - Snap shot by Alexander Radulov.
17:38 of 2nd period - Shot Misses the Net.
17:40 of 2nd period - Slapshot by Alexander Radulov.
17:40 of 2nd period - Shot Blocked by Isac Lundestrom.
17:44 of 2nd period - Slapshot by Peyton Krebs.
17:44 of 2nd period - Shot Blocked by Connor Murphy.
17:46 of 2nd period - Snap shot by Peyton Krebs.
17:46 of 2nd period - Shot Misses the Net.
17:48 of 2nd period - Snap shot by Seth Jarvis.
17:48 of 2nd period - Shot Blocked by John Carlson.
17:50 of 2nd period - Snap shot by Seth Jarvis.
17:50 of 2nd period - Shot Hit the Post.
17:52 of 2nd period - Slapshot by Mike Matheson.
17:52 of 2nd period - Stopped by Jake Oettinger with a rebound.
18:02 of 2nd period - Barrett Hayton is hit by Andrei Svechnikov and loses puck.
18:21 of 2nd period - Seth Jarvis is hit by Isac Lundestrom and loses puck.
18:56 of 2nd period - Mike Matheson is hit by Ian Cole and loses puck.
19:03 of 2nd period - Penalty to Nikita Zaitsev is over, Nikita Zaitsev is back on ice.
19:06 of 2nd period - Icing by Ian Cole.
19:07 of 2nd period - Cooper Marody wins face-off versus Isac Lundestrom in Washington Capitals zone.
19:22 of 2nd period - Slapshot by Cooper Marody.
19:22 of 2nd period - Stopped by Jake Oettinger without a rebound.
19:23 of 2nd period - Seth Jarvis wins face-off versus Brayden Point in Washington Capitals zone.
19:24 of 2nd period - Wrist shot by Alexander Radulov.
19:24 of 2nd period - Deflect By Peyton Krebs.
19:24 of 2nd period - Shot Misses the Net.
19:24 of 2nd period - Puck is out of play.
19:25 of 2nd period - Brayden Point wins face-off versus Seth Jarvis in Washington Capitals zone.
19:40 of 2nd period - Snap shot by Brayden Point.
19:40 of 2nd period - Stopped by Aaron Dell without a rebound.
19:41 of 2nd period - Nico Hischier wins face-off versus Nicklas Backstrom in Los Angeles Kings zone.
Goals for this period are 2 for Los Angeles Kings vs 0 for Washington Capitals.
Shots for this period are 21 for Los Angeles Kings vs 11 for Washington Capitals.
3rd period
0:01 of 3rd period - Brayden Point wins face-off versus Dominik Kubalik in neutral zone.
0:08 of 3rd period - Wrist shot by Brayden Point.
0:08 of 3rd period - Shot Misses the Net.
0:26 of 3rd period - John Carlson is hit by K'Andre Miller and loses puck.
1:35 of 3rd period - Snap shot by Brayden Point.
1:35 of 3rd period - Stopped by Aaron Dell with a rebound.
1:53 of 3rd period - Slapshot by Mike Matheson.
1:53 of 3rd period - Shot Blocked by Jason Robertson.
1:55 of 3rd period - Snap shot by Peyton Krebs.
1:55 of 3rd period - Stopped by Jake Oettinger without a rebound.
1:56 of 3rd period - Nico Hischier wins face-off versus Seth Jarvis in Washington Capitals zone.
2:09 of 3rd period - Snap shot by Alexander Radulov.
2:09 of 3rd period - Shot Blocked by Ian Cole.
2:25 of 3rd period - Snap shot by Andrei Svechnikov.
2:25 of 3rd period - Stopped by Jake Oettinger without a rebound.
2:26 of 3rd period - Nicklas Backstrom wins face-off versus Brayden Point in Washington Capitals zone.
2:33 of 3rd period - Snap shot by Andrei Svechnikov.
2:33 of 3rd period - Shot Misses the Net.
2:52 of 3rd period - Snap shot by Patrick Kane.
2:52 of 3rd period - Shot Hit the Post.
2:54 of 3rd period - Snap shot by Brayden Point.
2:54 of 3rd period - Shot Misses the Net.
2:56 of 3rd period - Snap shot by Alex Ovechkin.
2:56 of 3rd period - Shot Blocked by Rasmus Sandin.
2:58 of 3rd period - Snap shot by Patrick Kane.
2:58 of 3rd period - Goal by Patrick Kane - Los Angeles Kings : 2 - Washington Capitals : 2.
2:59 of 3rd period - Jason Robertson wins face-off versus Ryan Reaves in neutral zone.
3:02 of 3rd period - Wrist shot by Brad Marchand.
3:02 of 3rd period - Shot Blocked by Noah Dobson.
3:04 of 3rd period - Slapshot by Connor Murphy.
3:04 of 3rd period - Stopped by Aaron Dell with a rebound.
3:32 of 3rd period - John Carlson is hit by Mike Matheson and loses puck.
4:01 of 3rd period - Slapshot by Ian Cole.
4:01 of 3rd period - Deflect By Nicklas Backstrom.
4:01 of 3rd period - Stopped by Aaron Dell with a rebound.
4:53 of 3rd period - Noah Dobson is hit by Connor Murphy and loses puck.
5:17 of 3rd period - Noah Dobson is hit by John Carlson and loses puck.
5:43 of 3rd period - Matt Tennyson is hit by Nikita Zaitsev and loses puck.
6:04 of 3rd period - Nikita Zaitsev is hit by Ryan Reaves and loses puck.
6:42 of 3rd period - Backhand shot by John Carlson.
6:42 of 3rd period - Deflect By Drake Batherson.
6:42 of 3rd period - Stopped by Aaron Dell with a rebound.
7:00 of 3rd period - Backhand shot by Andrei Svechnikov.
7:00 of 3rd period - Shot Misses the Net.
7:02 of 3rd period - Wrist shot by Andrei Svechnikov.
7:02 of 3rd period - Stopped by Jake Oettinger with a rebound.
7:04 of 3rd period - Slapshot by Rasmus Sandin.
7:04 of 3rd period - Stopped by Jake Oettinger without a rebound.
7:05 of 3rd period - Seth Jarvis wins face-off versus Brayden Point in Washington Capitals zone.
7:36 of 3rd period - Peyton Krebs is hit by Ian Cole and loses puck.
8:05 of 3rd period - Snap shot by Peyton Krebs.
8:05 of 3rd period - Stopped by Jake Oettinger without a rebound.
8:06 of 3rd period - Nicklas Backstrom wins face-off versus Brayden Point in Washington Capitals zone.
8:16 of 3rd period - Minor Penalty to Patrick Kane for High sticking.
8:17 of 3rd period - Isac Lundestrom wins face-off versus Nicklas Backstrom in Washington Capitals zone.
8:25 of 3rd period - Snap shot by Nicklas Backstrom.
8:25 of 3rd period - Stopped by Jake Oettinger without a rebound.
8:26 of 3rd period - Isac Lundestrom wins face-off versus Nicklas Backstrom in Washington Capitals zone.
8:57 of 3rd period - Wrist shot by Alexander Radulov.
8:57 of 3rd period - Deflect By Seth Jarvis.
8:57 of 3rd period - Shot Misses the Net.
8:57 of 3rd period - Puck is out of play.
8:58 of 3rd period - Isac Lundestrom wins face-off versus Seth Jarvis in Washington Capitals zone.
8:58 of 3rd period - Isac Lundestrom is hit by Peyton Krebs.
9:11 of 3rd period - Wrist shot by Peyton Krebs.
9:11 of 3rd period - Stopped by Jake Oettinger with a rebound.
9:13 of 3rd period - Snap shot by K'Andre Miller.
9:13 of 3rd period - Stopped by Jake Oettinger without a rebound.
9:14 of 3rd period - Isac Lundestrom wins face-off versus Nicklas Backstrom in Washington Capitals zone.
10:16 of 3rd period - Penalty to Patrick Kane is over, Patrick Kane is back on ice.
10:21 of 3rd period - Snap shot by Patrick Kane.
10:21 of 3rd period - Stopped by Aaron Dell with a rebound.
10:36 of 3rd period - Mike Matheson is hit by Nico Hischier and loses puck.
10:49 of 3rd period - Wrist shot by Cooper Marody.
10:49 of 3rd period - Shot Misses the Net.
10:51 of 3rd period - Snap shot by Mike Matheson.
10:51 of 3rd period - Shot Blocked by Connor Murphy.
10:53 of 3rd period - Wrist shot by Tyler Gaudet.
10:53 of 3rd period - Stopped by Jake Oettinger without a rebound.
10:54 of 3rd period - Nicklas Backstrom wins face-off versus Isac Lundestrom in Washington Capitals zone.
10:57 of 3rd period - Wrist shot by Andrei Svechnikov.
10:57 of 3rd period - Stopped by Jake Oettinger without a rebound.
10:58 of 3rd period - Nicklas Backstrom wins face-off versus Isac Lundestrom in Washington Capitals zone.
11:01 of 3rd period - Slapshot by Andrei Svechnikov.
11:01 of 3rd period - Shot Misses the Net.
11:30 of 3rd period - Patrick Kane is hit by K'Andre Miller and loses puck.
11:52 of 3rd period - Minor Penalty to Alexander Radulov for Interference.
11:53 of 3rd period - Brayden Point wins face-off versus Andrei Svechnikov in Los Angeles Kings zone.
12:19 of 3rd period - Mike Matheson is hit by Connor Murphy and loses puck.
13:19 of 3rd period - K'Andre Miller is hit by Connor Murphy and loses puck.
13:52 of 3rd period - Penalty to Alexander Radulov is over, Alexander Radulov is back on ice.
14:02 of 3rd period - Wrist shot by Vitaly Kravtsov.
14:02 of 3rd period - Goal by Vitaly Kravtsov - Los Angeles Kings : 3 - Washington Capitals : 2.
14:03 of 3rd period - Seth Jarvis wins face-off versus Nico Hischier in neutral zone.
14:18 of 3rd period - Snap shot by Peyton Krebs.
14:18 of 3rd period - Goal by Peyton Krebs - Los Angeles Kings : 4 - Washington Capitals : 2.
14:19 of 3rd period - Nicklas Backstrom wins face-off versus Brayden Point in neutral zone.
15:41 of 3rd period - Snap shot by Drake Batherson.
15:41 of 3rd period - Shot Blocked by Nicklas Backstrom.
15:43 of 3rd period - Wrist shot by Nikita Zaitsev.
15:43 of 3rd period - Shot Misses the Net.
15:45 of 3rd period - Wrist shot by Drake Batherson.
15:45 of 3rd period - Shot Misses the Net.
15:47 of 3rd period - Snap shot by Barrett Hayton.
15:47 of 3rd period - Stopped by Aaron Dell without a rebound.
15:48 of 3rd period - Brayden Point wins face-off versus Cooper Marody in Los Angeles Kings zone.
16:01 of 3rd period - Backhand shot by Patrick Kane.
16:01 of 3rd period - Stopped by Aaron Dell with a rebound.
16:25 of 3rd period - Snap shot by Vitaly Kravtsov.
16:25 of 3rd period - Goal by Vitaly Kravtsov - Los Angeles Kings : 5 - Washington Capitals : 2.
16:26 of 3rd period - Brayden Point wins face-off versus Nicklas Backstrom in neutral zone.
17:39 of 3rd period - Isac Lundestrom is hit by Jakub Zboril.
17:43 of 3rd period - Snap shot by Owen Tippett.
17:43 of 3rd period - Stopped by Aaron Dell without a rebound.
17:44 of 3rd period - Brayden Point wins face-off versus Nicklas Backstrom in Los Angeles Kings zone.
18:22 of 3rd period - Snap shot by Jason Robertson.
18:22 of 3rd period - Stopped by Aaron Dell with a rebound.
18:24 of 3rd period - Wrist shot by Nico Hischier.
18:24 of 3rd period - Shot Misses the Net.
18:36 of 3rd period - Snap shot by Cooper Marody.
18:36 of 3rd period - Deflect By Jordan Kyrou.
18:36 of 3rd period - Stopped by Jake Oettinger with a rebound.
18:38 of 3rd period - Slapshot by Noah Dobson.
18:38 of 3rd period - Stopped by Jake Oettinger without a rebound.
18:39 of 3rd period - Brayden Point wins face-off versus Cooper Marody in Washington Capitals zone.
18:54 of 3rd period - Snap shot by Alex Ovechkin.
18:54 of 3rd period - Stopped by Aaron Dell with a rebound.
19:00 of 3rd period - Snap shot by Mike Matheson.
19:00 of 3rd period - Stopped by Jake Oettinger without a rebound.
19:01 of 3rd period - Nico Hischier wins face-off versus Nicklas Backstrom in Washington Capitals zone.
19:10 of 3rd period - Snap shot by Nico Hischier.
19:10 of 3rd period - Stopped by Aaron Dell with a rebound.
19:35 of 3rd period - Slapshot by Patrick Kane.
19:35 of 3rd period - Shot Misses the Net.
19:37 of 3rd period - Snap shot by Brayden Point.
19:37 of 3rd period - Shot Misses the Net.
19:51 of 3rd period - Snap shot by Owen Tippett.
19:51 of 3rd period - Stopped by Aaron Dell with a rebound.
19:53 of 3rd period - Slapshot by Fabian Zetterlund.
19:53 of 3rd period - Stopped by Aaron Dell with a rebound.
19:55 of 3rd period - Snap shot by Owen Tippett.
19:55 of 3rd period - Shot Misses the Net.
19:57 of 3rd period - Slapshot by Nick Jensen.
19:57 of 3rd period - Shot Misses the Net.
19:59 of 3rd period - Snap shot by Ian Cole.
19:59 of 3rd period - Deflect By Isac Lundestrom.
19:59 of 3rd period - Stopped by Aaron Dell with a rebound.
Goals for this period are 3 for Los Angeles Kings vs 1 for Washington Capitals.
Shots for this period are 16 for Los Angeles Kings vs 15 for Washington Capitals.
Back to the Top